 Dungeon Crawl Stone Soup version 0.28.0-53-g5a82cb258f (webtiles) character file.

Game seed: 14232049623247670466

140 Revguard the Skirmisher (level 5, -3/46 HPs)
             Began as a Hill Orc Fighter on July 7, 2022.
             Killed from afar by kalagan's ghost (4 damage)
             ... with a magic dart
             ... on level 3 of the Dungeon.
             The game lasted 00:04:26 (3112 turns).

Revguard the Skirmisher (Hill Orc Fighter)          Turns: 3112, Time: 00:04:27

Health: -3/46      AC:  7    Str: 19    XL:     5   Next: 22%
Magic:  7/7        EV:  9    Int:  8    God:
Gold:   135        SH:  5    Dex: 12    Spells: 4/4 levels left

rFire   + . .      SeeInvis .   k - +4 hand axe of Ru's Condemnation {venom, rF+}
rCold   . . .      Faith    .   c - +0 buckler
rNeg    . . .      Spirit   .   b - +0 scale mail
rPois   .          Reflect  .   (no helmet)
rElec   .          Harm     .   (no cloak)
rCorr   .          Rampage  .   (no gloves)
Will    .....                   (no boots)
Stlth   ..........              (no amulet)
HPRegen 0.15/turn               (no ring)
MPRegen 0.10/turn               (no ring)

@: mighty
A: no striking features
a: no special abilities


You were on level 3 of the Dungeon.
You visited 1 branch of the dungeon, and saw 3 of its levels.

You collected 135 gold pieces.

Inventory:

Hand Weapons
 a - a +0 war axe
 g - a +1 vampiric short sword
 k - the +4 hand axe of Ru's Condemnation (weapon) {venom, rF+}
   (You found it on level 2 of the Dungeon)

   It poisons the flesh of those it strikes.
   rF:        It protects you from fire.
 m - a +1 dagger of electrocution
 n - a +2 vorpal falchion
Armour
 b - a +0 scale mail (worn)
 c - a +0 buckler (worn)
Wands
 q - a wand of acid (12)
Scrolls
 e - a scroll of fear {unknown}
 f - 3 scrolls of teleportation {unknown}
 h - 3 scrolls of identify {unknown}
 i - a scroll of enchant weapon {unknown}
 l - a scroll of blinking {unknown}
 o - 2 scrolls of torment {unknown}
 p - 2 scrolls of magic mapping {unknown}
Potions
 j - a potion of lignification {unknown}


   Skills:
 + Level 4.2 Fighting
 + Level 3.3 Axes
 + Level 3.7 Armour
 + Level 0.9 Dodging
 + Level 4.0 Shields
 * Level 3.0 Invocations
 + Level 1.1 Evocations


You had 4 spell levels left.
You didn't know any spells.
Your spell library was empty.

Dungeon Overview and Level Annotations

Branches:
Dungeon (3/15)

Altars:
Beogh

Shops:
D:3 [

Annotations:
D:3 kalagan's ghost, amateur DECj


Message History

You slash kalagan's ghost!
Kalagan's ghost is severely damaged.
You hit the orc.
You kill the orc!
You slash the orc!
You kill the orc!
Kalagan's ghost points at you and mumbles some strange words.
The magic dart hits you but does no damage.
You hit kalagan's ghost.
Kalagan's ghost is severely damaged.
You hit the orc but do no damage.
The orc is poisoned.
You barely miss the orc. The orc barely misses you.
Kalagan's ghost completely misses you.
The orc hits you with a +6 quarterstaff!
Unknown command.
You hit kalagan's ghost.
Kalagan's ghost is severely damaged.
You hit the orc but do no damage.
The orc looks as sick as possible!
You hit the orc.
The orc is poisoned.
The orc closely misses you.
Kalagan's ghost points at you and mumbles some strange words.
The magic dart hits you. The orc closely misses you. The orc barely misses you.
Unknown command.
You closely miss kalagan's ghost.
Kalagan's ghost is severely damaged.
You closely miss the orc. x2; You slash the orc!
You kill the orc! x2
Kalagan's ghost hits you.
You are electrocuted!!
* * * LOW HITPOINT WARNING * * *
The orc hits you with a +0 dagger.
* * * LOW HITPOINT WARNING * * *
Okay, then.
You hit kalagan's ghost but do no damage.
Kalagan's ghost is severely damaged.
You closely miss the orc. Kalagan's ghost casts a spell at you.
The magic dart hits you.
* * * LOW HITPOINT WARNING * * *
The orc barely misses you.
Kalagan's ghost points at you and mumbles some strange words.
The magic dart hits you.
You die...

#######8.# #.#...## 8.....#).#
#.#...## ..##..#..# #.......
..8#..#..# #....... ..##..#..#
#....... ....#.#..# #.#...##
[...#.'..########.#...#
_.8.#.o)).#.......##.##
[...#.W@....########.#
....#.#..##.# #.# ..##$.#[.##.#
#.# #########..8#..#..##.# #.#
........#..##..#..##.###### #.#
#########8.....#..##......###.#
####### #######8.######...##.#
......########........>..#....#
#####................###...####


You could see kalagan's ghost and an orc (very poisoned).

Vanquished Creatures
  3 gnolls (D:3)
  3 adders
  2 worms (D:2)
  3 dart slugs
  4 orcs (D:3)
  6 ball pythons
  2 bats
  6 endoplasms
  A giant cockroach (D:2)
  5 goblins
  5 hobgoblins
  3 jackals (D:1)
  6 kobolds
  A quokka (D:1)
  4 frilled lizards
  17 rats
71 creatures vanquished.

Notes
Turn   | Place    | Note
-------+----------+-------------------------------------------
     0 | D:1      | Revguard the Hill Orc Fighter began the quest for the Orb.
     0 | D:1      | Reached XP level 1. HP: 19/19 MP: 1/1
    68 | D:1      | Reached skill level 1 in Invocations
    68 | D:1      | Reached XP level 2. HP: 16/27 MP: 2/2
   678 | D:1      | Reached XP level 3. HP: 33/33 MP: 4/4
   706 | D:1      | Found a faded altar of an unknown god.
  1713 | D:2      | Identified the +4 hand axe of Ru's Condemnation {venom,
                  | rF+}
  2021 | D:2      | Reached XP level 4. HP: 39/40 MP: 5/5
  2276 | D:3      | Found Erghy's Armour Shoppe.
  2357 | D:3      | Found a runed translucent gate.
  2359 | D:3      | Found a runed translucent gate.
  2360 | D:3      | Found a runed translucent gate.
  2364 | D:3      | Noticed kalagan's ghost (amateur DECj)
  2364 | D:3      | Identified the +0 chain mail "Joskewebo" {Will++ Int-5}
  2373 | D:3      | Found a roughly hewn altar of Beogh.
  2399 | D:3      | Reached skill level 1 in Evocations
  2809 | D:3      | Reached XP level 5. HP: 46/46 MP: 7/7
  3112 | D:3      | HP: 1/46 [kalagan's ghost/magic dart (6)]
  3112 | D:3      | Killed from afar by kalagan's ghost

Illustrated notes

Levels and vault maps discovered:
D:1:      nzn_arrival_crosshair, layout_basic,
          shapermc_ecumenical_altar_mp_highgroup
D:2:      layout_basic
D:3:      layout_loops_ring, serial_shops, shop, biasface_ghost_orc_armoury,
          kennysheep_generic_room_9

Skill      XL: |  1  2  3  4  5 |
---------------+----------------+-----
Invocations    | 1 2 3 |  3.0
Axes           | 3 |  3.3
Fighting       | 4 |  4.2
Evocations     | 1 |  1.1
Shields        | 4 |  4.0
Armour         | |  3.7
Dodging        | |  0.9

Action                   |  1- 3 |  4- 6 || total
-------------------------+-------+-------++-------
Melee: War axe           |   118 |       ||   118
       Hand axe          |     7 |    52 ||    59
  Use: Potion            |       |     1 ||     1
Armor: Scale mail        |    53 |    19 ||    72
Dodge: Dodged            |    46 |    23 ||    69
Block: Buckler           |    19 |     8 ||    27
